 Dungeon Crawl Stone Soup version 0.27.1 (webtiles) character file.

Game seed: 6036503509335866860

198 chaosape the Chiller (level 5, 0/43 HPs)
             Began as a Gnoll Wanderer on Aug 22, 2021.
             Slain by an orc (8 damage)
             ... on level 4 of the Dungeon.
             The game lasted 00:24:11 (3921 turns).

chaosape the Chiller (Gnoll Wanderer)               Turns: 3921, Time: 00:24:11

Health: 0/43       AC:  7    Str: 14    XL:     5   Next: 77%
Magic:  6/9        EV:  7    Int: 11    God:
Gold:   113        SH:  8    Dex: 10    Spells: 9/10 levels left

rFire    . . .     SeeInvis +   Q - +2 hand axe (venom)
rCold    . . .     Faith    .   d - +0 kite shield
rNeg     . . .     Spirit   .   G - +0 scale mail
rPois    .         Reflect  .   u - +0 helmet
rElec    .         Harm     .   (no cloak)
rCorr    .         Rampage  .   (no gloves)
Will     .....                  (no boots)
Stlth    +.........             (no amulet)
HPRegen  0.14/turn              V - ring of see invisible
MPRegen  0.11/turn              (no ring)

@: very slightly contaminated
A: fangs 1, strong nose, distributed training
a: no special abilities


You were on level 4 of the Dungeon.
You visited 1 branch of the dungeon, and saw 4 of its levels.

You collected 113 gold pieces.

Inventory:

Hand Weapons
 a - a +0 club
 e - a +0 dagger
 g - a +0 dagger
 i - a +0 dagger
 j - a +0 dagger of protection
 k - a +0 short sword
 l - a +0 whip
 m - a +0 club
 n - a +0 dagger
 r - a +0 club
 v - a +0 dagger
 w - a +0 club
 x - a +0 dagger
 y - a +0 club
 z - a +0 club
 A - a +0 club
 B - a +0 club
 C - a +0 dagger
 D - a +0 dagger
 E - a +0 flail
 F - a +0 dagger
 L - a +0 short sword
 M - a +0 whip
 O - a +0 dagger
 P - a +0 dagger
 Q - a +2 hand axe of venom (weapon)
 U - a +0 short sword
 W - a +0 club
Missiles
 h - 70 stones
 o - 23 arrows
 q - 39 poisoned darts
 J - 39 sling bullets
Armour
 c - a +0 robe
 d - a +0 kite shield (worn)
 p - a +0 leather armour
 t - a +0 animal skin
 u - a +0 helmet (worn)
 G - a +0 scale mail (worn)
 T - a +0 ring mail
Jewellery
 V - a ring of see invisible (left hand)
Wands
 H - a wand of paralysis (11)
Scrolls
 b - 2 scrolls of teleportation
 s - a scroll of identify {unknown}
 K - a scroll of holy word {unknown}
 N - 4 scrolls of blinking
 R - a scroll of enchant weapon {unknown}
 S - a scroll of vulnerability {unknown}
Potions
 f - a potion of attraction


   Skills:
 + Level 4.8 Fighting
 + Level 1.6 Short Blades
 + Level 1.6 Long Blades
 + Level 1.6 Axes
 + Level 1.6 Maces & Flails
 + Level 1.6 Polearms
 + Level 1.6 Staves
 + Level 1.6 Slings
 + Level 1.6 Bows
 + Level 3.0 Crossbows
 + Level 1.6 Throwing
 + Level 1.6 Armour
 + Level 1.6 Dodging
 + Level 2.8 Stealth
 + Level 3.0 Shields
 + Level 1.6 Unarmed Combat
 + Level 3.2 Spellcasting
 + Level 1.3 Conjurations
 + Level 1.3 Hexes
 + Level 1.3 Summonings
 + Level 1.3 Necromancy
 + Level 1.3 Translocations
 + Level 1.3 Transmutations
 + Level 1.3 Fire Magic
 + Level 7.2 Ice Magic
 + Level 1.3 Air Magic
 + Level 1.3 Earth Magic
 + Level 1.3 Poison Magic
 + Level 1.8 Invocations
 + Level 1.6 Evocations


You had 9 spell levels left.
You knew the following spells:

 Your Spells              Type           Power      Damage    Failure   Level
a - Freeze                Ice            68%        1d8       26%         1

Your spell library contained the following spells:

 Spells                   Type           Power      Damage    Failure   Level
 Frozen Ramparts          Ice            34%        1d5       63%         3


Dungeon Overview and Level Annotations

Branches:
Dungeon (4/15)
 Temple: D:4-7

Altars:

Shops:
D:2 :


Innate Abilities, Weirdness & Mutations

You have very sharp teeth.
Your uncanny sense of smell can sniff out nearby items.
Your experience applies equally to all skills.


Message History

Aim: an orc, wielding a +0 trident (heavily wounded)
You freeze the orc!
You kill the orc!
The orc hits you from afar with a +0 trident.
Casting: Freeze (safe; 26% risk of failure)
Confirm with . or Enter, or press ? or * to list all spells.
You can't see any susceptible monsters within range! (Use Z to cast anyway.)
The orc barely misses you.
Things that are here:
a +0 trident; an orc corpse You block the orc's attack.
Casting: Freeze (safe; 26% risk of failure)
Confirm with . or Enter, or press ? or * to list all spells.
Aiming: Freeze (safe; 26% risk of failure)
Press: ? - help, Shift-Dir - straight line, f - ball python
Aim: a ball python You miscast Freeze.
You are very lightly contaminated with residual magic.
Nothing appears to happen.
The ball python bites you. The ball python grabs you.
The ball python constricts you.
The orc hits you from afar with a +0 trident.
The ball python bites you. The ball python constricts you.
Casting: Freeze (safe; 26% risk of failure)
Confirm with . or Enter, or press ? or * to list all spells.
Aiming: Freeze (safe; 26% risk of failure)
Press: ? - help, Shift-Dir - straight line, f/p - ball python
Aim: a ball python (constricting you)
You miscast Freeze.
Nothing appears to happen.
The orc hits you from afar with a +0 trident.
* * * LOW HITPOINT WARNING * * *
You block the ball python's attack. The ball python constricts you.
You escape the ball python's grasp.
There is a stone staircase leading up, spattered with blood here.
The ball python closely misses you. The ball python grabs you.
You stop ascending the stairs.
The ball python constricts you.
* * * LOW HITPOINT WARNING * * *
Unknown command.
You escape the ball python's grasp.
The orc hits you from afar with a +0 trident!
You die...

#. #..........#
.##..##.#####....#
.......o#####..#...#
.....#....#...####.#
...#...##.#.### ...
.. ##.......######
##. ###....#.....#
#####.##.#.....#
......oS@......#
......#)......##
.#### #>......#
#.......# #.......#
#########


You could see an orc and a ball python.

Vanquished Creatures
  A centaur skeleton (D:4)
  An orc wizard (D:4)
  A hound skeleton (D:4)
  Robin (D:2)
  3 adders
  A gnoll (D:1)
  A worm (D:2)
  3 dart slugs
  3 orcs
  6 ball pythons
  5 endoplasms
  3 giant cockroaches
  15 goblins
  5 hobgoblins
  3 quokkas
  4 bats
  A frilled lizard (D:3)
  7 kobolds
  6 rats
70 creatures vanquished.

Notes
Turn   | Place    | Note
-------+----------+-------------------------------------------
     0 | D:1      | chaosape the Gnoll Wanderer began the quest for the Orb.
     0 | D:1      | chaosape set off with the following items: a +0 club, a
                  | scroll of teleportation, a +0 robe, a +0 kite shield; and
                  | the following spell memorised: Freeze; and the following
                  | spells available to memorise: Frozen Ramparts
     0 | D:1      | Reached XP level 1. HP: 20/20 MP: 4/4
   305 | D:1      | Reached XP level 2. HP: 18/26 MP: 1/5
   825 | D:1      | Reached XP level 3. HP: 6/31 MP: 2/7
  1207 | D:1      | Reached skill level 1 in Invocations
  1632 | D:2      | Noticed Robin
  1637 | D:2      | Reached skill level 1 in Short Blades
  1637 | D:2      | Reached skill level 1 in Long Blades
  1637 | D:2      | Reached skill level 1 in Axes
  1637 | D:2      | Reached skill level 1 in Maces & Flails
  1637 | D:2      | Reached skill level 1 in Polearms
  1637 | D:2      | Reached skill level 1 in Staves
  1637 | D:2      | Reached skill level 1 in Slings
  1637 | D:2      | Reached skill level 1 in Bows
  1637 | D:2      | Reached skill level 1 in Throwing
  1637 | D:2      | Reached skill level 1 in Armour
  1637 | D:2      | Reached skill level 1 in Dodging
  1637 | D:2      | Reached skill level 1 in Unarmed Combat
  1637 | D:2      | Reached skill level 1 in Evocations
  1684 | D:2      | Reached XP level 4. HP: 33/38 MP: 4/8
  1701 | D:2      | Killed Robin
  2148 | D:2      | Reached skill level 1 in Conjurations
  2148 | D:2      | Reached skill level 1 in Hexes
  2148 | D:2      | Reached skill level 1 in Summonings
  2148 | D:2      | Reached skill level 1 in Necromancy
  2148 | D:2      | Reached skill level 1 in Translocations
  2148 | D:2      | Reached skill level 1 in Transmutations
  2148 | D:2      | Reached skill level 1 in Fire Magic
  2148 | D:2      | Reached skill level 1 in Air Magic
  2148 | D:2      | Reached skill level 1 in Earth Magic
  2148 | D:2      | Reached skill level 1 in Poison Magic
  2336 | D:2      | Found Pempusih's Book Shoppe.
  3003 | D:3      | Reached XP level 5. HP: 43/43 MP: 5/9
  3921 | D:4      | Slain by an orc

Illustrated notes

Levels and vault maps discovered:
D:1:      heliophobic_arrival_ceremonial_halls, layout_basic
D:2:      layout_loops_ring, serial_shops, shop, uniq_robin
D:3:      layout_basic, nrook_campfire
D:4:      layout_rooms, grunt_qazlal_sundering,
          minmay_temple_entry_purple_smoke, uniq_sigmund

Skill      XL: |  1  2  3  4  5 |
---------------+----------------+-----
Invocations    | 1 |  1.8
Short Blades   | 1 |  1.6
Long Blades    | 1 |  1.6
Axes           | 1 |  1.6
Maces & Flails | 1 |  1.6
Polearms       | 1 |  1.6
Staves         | 1 |  1.6
Slings         | 1 |  1.6
Bows           | 1 |  1.6
Throwing       | 1 |  1.6
Armour         | 1 |  1.6
Dodging        | 1 |  1.6
Unarmed Combat | 1 |  1.6
Evocations     | 1 |  1.6
Spellcasting   | 3 |  3.2
Conjurations   | 1 |  1.3
Hexes          | 1 |  1.3
Summonings     | 1 |  1.3
Necromancy     | 1 |  1.3
Translocations | 1 |  1.3
Transmutations | 1 |  1.3
Fire Magic     | 1 |  1.3
Air Magic      | 1 |  1.3
Earth Magic    | 1 |  1.3
Poison Magic   | 1 |  1.3
Crossbows      | 3 |  3.0
Shields        | 3 |  3.0
Fighting       | |  4.8
Stealth        | |  2.8
Ice Magic      | |  7.2

Action                   |  1- 3 |  4- 6 || total
-------------------------+-------+-------++-------
Melee: Dagger            |    44 |    25 ||    69
       Bite              |     3 |     7 ||    10
       Club              |     1 |       ||     1
       Hand axe          |       |    14 ||    14
 Cast: Freeze            |    39 |    52 ||    91
  Use: Scroll            |     2 |       ||     2
       Potion            |       |     2 ||     2
 Stab: Sleeping          |     1 |       ||     1
Armor: Robe              |    14 |       ||    14
       Leather armour    |    19 |     7 ||    26
       Skin              |       |     5 ||     5
       Scale mail        |       |    39 ||    39
Dodge: Dodged            |    17 |    54 ||    71
Block: Kite shield       |    29 |    70 ||    99
